AoeStats
← davis

Arabia

510848635Analyzed
3v3 RM · 19h ago on Oct 2, 2026· 33m 18s· 6 players
Game mode
Random Map
Map size
Normal (6 player)
Population
200
Speed
Normal
Resources
Standard
Victory
Conquest
Starting age
Dark Age
Ending age
Imperial Age
RankedLock teamsTeams togetherTeam positionsShared explorationLock speedFull tech treeHidden civsTurbo modeCheats
Victory
Defeat
🇦🇷 Japanese · Argentina
1031
+13
🇦🇷 Lithuanians · Argentina
923
+19
🇦🇷 Italians · Argentina
916
+18
🇹🇼 Portuguese · Taiwan
974
-17
🇯🇵 Sicilians · Japan
973
-17
🇦🇷 Slavs · Argentina
946
-16
t45zeus
7:31 Loom
11:53 Feudal Age
16:18 Castle Age
14:05 Horse Collar
14:50 Double-Bit Axe
28:00 Forging
27:50 Scale Mail Armor
27:53 Squires
27:13 Pikeman
mozo815 灰色
2:35 Loom
13:59 Feudal Age
14:26 Man-at-Arms
17:43 Fletching
24:04 Castle Age
24:53 Bodkin Arrow
29:10 Masonry
31:41 Ballistics
33:23 Horse Collar
33:34 Double-Bit Axe
Niko0
5:41 Loom
11:50 Feudal Age
20:09 Man-at-Arms
20:53 Fletching
24:45 Castle Age
22:51 Stone Mining
23:13 Double-Bit Axe
26:06 Bow Saw
27:10 Forging
27:10 Gold Mining
27:05 Horse Collar
27:41 Scale Barding Armor
28:31 Heavy Plow
30:18 Detinets
30:49 Elite Skirmisher
davis
1:28 Loom
11:46 Feudal Age
21:15 Castle Age
19:13 Double-Bit Axe
19:21 Fletching
20:39 Padded Archer Armor
20:58 Gold Mining
21:51 Crossbowman
25:22 Bodkin Arrow
28:42 Thumb Ring
29:45 Ballistics
mariano34355
9:31 Feudal Age
8:08 Loom
11:12 Double-Bit Axe
13:48 Gold Mining
20:40 Castle Age
20:26 Forging
20:22 Scale Barding Armor
33:04 Iron Casting
36:11 Imperial Age
Kikelot
7:34 Loom
9:57 Feudal Age
10:50 Man-at-Arms
11:54 Man-at-Arms
16:38 Forging
16:20 Arson
16:42 Double-Bit Axe
21:39 Wheelbarrow
24:39 Castle Age
22:48 Gold Mining
22:39 Horse Collar
22:55 Fletching
24:54 Padded Archer Armor
24:57 Crossbowman
29:07 Bodkin Arrow
29:27 Leather Archer Armor
30:14 Gold Shaft Mining
30:36 Bow Saw
31:39 Ballistics
32:43 Thumb Ring
Connection lost

Rejoining the realm…

Still unreachable

The connection could not be restored.

Session expired

The server has moved on; the page needs a fresh start.